cohdb
Replays
Latest Replays
All Replays
Popular Replays
Top Player Replays
Match Explorer
How It Works
Community
CoH3 Stats
Reddit
Sign in to upload your games and track your stats! →
Sign in with Steam
Match 42374985
Unlisted
Match 42374985
Overview
Messages
Build Orders
End
Construct Barracks
Selects Heavy Weapons
Riflemen Squad
Riflemen Squad
Construct Weapon Support Center
Bazooka Squad
Mechanized Support Center
M1919 Machine Gun Team
Construct Medical Station
Selects M2HB .50cal Heavy Machine Gun
Mechanized Support Center
Grenade Package
M3 Armored Personnel Carrier
M1918 Browning Automatic Rifles
Selects Assault Carriers
Improved M9 Bazooka Rockets
Scout Squad
Designate Forward Repair Station
Engineer Squad
Selects Halftrack Strongpoints
Selects Towed M5 3-inch Anti-tank Gun
Towed M5 3-inch Anti-tank Gun
he565
Brother
0
0
Comments
sign in to comment!
No comments posted yet!